 Dungeon Crawl Stone Soup version 0.28.0-53-g5a82cb258f (webtiles) character file.

Game seed: 3154119453173957381

359 PentaManta the Grappler (level 6, -9/51 HPs)
             Began as a Ghoul Monk on June 16, 2022.
             Mangled by a gnoll sergeant
             ... wielding a +4 spear of venom
              (10 damage)
             ... on level 4 of the Dungeon.
             The game lasted 00:07:25 (4967 turns).

PentaManta the Grappler (Ghoul Monk)                Turns: 4967, Time: 00:07:26

Health: -9/51      AC:  7    Str: 17    XL:     6   Next: 65%
Magic:  5/5        EV:  9    Int:  5    God:
Gold:   183        SH:  3    Dex: 11    Spells: 5/5 levels left

rFire   + . .      SeeInvis .     - Unarmed
rCold   + + .      Faith    .   k - +0 buckler
rNeg    + + +      Spirit   .   u - +0 scale mail
rPois   ∞          Reflect  .   (no helmet)
rElec   .          Harm     .   v - +0 cloak {Will+}
rCorr   .          Rampage  .   (no gloves)
Will    +....                   (no boots)
Stlth   ..........              (no amulet)
HPRegen 0.00/turn               d - ring of protection from fire
MPRegen 0.09/turn               r - ring of protection from cold

@: inhibited regen
A: claws 1, cold resistance 1, negative energy resistance 3, inhibited
regeneration, torment resistance 2
a: no special abilities


You were on level 4 of the Dungeon.
You visited 1 branch of the dungeon, and saw 4 of its levels.

You collected 183 gold pieces.

Inventory:

Missiles
 f - a throwing net (quivered)
Armour
 k - a +0 buckler (worn)
 u - a +0 scale mail (worn)
 v - a +0 cloak of willpower (worn)
Jewellery
 d - a ring of protection from fire (left claw)
 p - a ring of ice
 r - a ring of protection from cold (right claw)
Scrolls
 c - a scroll of amnesia
 j - 3 scrolls of teleportation
Potions
 e - 2 potions of curing
 g - a potion of might {unknown}
 i - 2 potions of haste {unknown}
 n - a potion of attraction {unknown}
 o - a potion of cancellation {unknown}
 s - a potion of flight {unknown}


   Skills:
 - Level 3.2 Fighting
 - Level 2.6 Dodging
 - Level 2.1 Stealth
 + Level 8.0 Unarmed Combat


You had 5 spell levels left.
You didn't know any spells.
Your spell library contained the following spells:

 Spells                   Type           Power      Damage    Failure   Level
 Sting                    Tmut/Pois      0%         1d3       95%         1
 Olgreb's Toxic Radiance  Pois           0%         N/A       100%        4
 Spider Form              Tmut/Pois      Unusable   N/A       N/A         3

Dungeon Overview and Level Annotations

Branches:
Dungeon (4/15)
 Temple: D:4-7

Altars:
Dithmenos

Annotations:
D:3 Edmund


Innate Abilities, Weirdness & Mutations

You thrive by killing the living.
You are immune to poison.
You have sharp fingernails.
Your flesh is cold resistant. (rC+)
You are immune to negative energy. (rN+++)
You do not regenerate when monsters are visible.
You are immune to unholy pain and torment.


Message History

Level annotation: Edmund
There is a stone staircase leading down here.
You start resting.
Edmund is nearby!
You climb downwards.
The gnoll hits you with a +0 flail. The gnoll hits you but does no damage.
The gnoll hits you with a +0 flail!
There is a stone staircase leading up here.
You scratch the gnoll.
The gnoll is lightly wounded.
The gnoll barely misses you. The gnoll hits you but does no damage.
You claw the gnoll!
The gnoll is almost dead.
The gnoll hits you with a +0 club. The gnoll hits you with a +0 flail.
You claw the gnoll!
You kill the gnoll!
The gnoll hits you with a +0 club.
You scratch the gnoll.
The gnoll is moderately wounded.
The gnoll hits you but does no damage.
You claw the gnoll!
The gnoll is almost dead.
The gnoll hits you but does no damage. The gnoll hits you with a +0 flail.
You claw the gnoll!
You kill the gnoll!
The gnoll sergeant barely misses you.
Your Unarmed Combat skill increases to level 8!
You claw the goblin!
You kill the goblin!
The gnoll sergeant hits you from afar with a +4 spear of venom.
You scratch the gnoll.
The gnoll is heavily wounded.
The gnoll hits you with a +0 flail.
* * * LOW HITPOINT WARNING * * *
The gnoll barely misses you.
The gnoll sergeant hits you from afar with a +4 spear of venom.
* * * LOW HITPOINT WARNING * * *
The gnoll hits you from afar with a +0 halberd.
* * * LOW HITPOINT WARNING * * *
The gnoll sergeant hits you from afar with a +4 spear of venom!
You die...

##.................#..#........
#....................##........
#...................####.......
#...................>###.......
#<...............(w..###......
#..............).)....##.....#
#..K........).gg<).##.########
##..............))## ..#
#####.......@g.### ..#
###.######## .. #.# #.#
###.###### #..o.....##
#..o......# #.........##
#..........#


You could see a gnoll sergeant, 2 gnolls and a dart slug.

Vanquished Creatures
  A necrophage (D:3)
  Crazy Yiuf (D:3)
  9 gnolls
  8 adders
  2 worms (D:3)
  2 dart slugs
  4 orcs (D:4)
  4 endoplasms
  2 giant cockroaches (D:1)
  8 goblins
  5 hobgoblins
  4 jackals (D:3)
  3 quokkas
  5 ball pythons
  5 bats
  8 frilled lizards
  3 kobolds
  6 rats
80 creatures vanquished.

Notes
Turn   | Place    | Note
-------+----------+-------------------------------------------
     0 | D:1      | PentaManta the Ghoul Monk began the quest for the Orb.
     0 | D:1      | Reached XP level 1. HP: 19/19 MP: 0/0
   224 | D:1      | Reached XP level 2. HP: 26/26 MP: 1/1
   368 | D:1      | Reached skill level 4 in Unarmed Combat
  1123 | D:2      | Reached XP level 3. HP: 28/31 MP: 2/2
  1184 | D:2      | Got the Handbook of Venom
  1363 | D:2      | Reached skill level 5 in Unarmed Combat
  1367 | D:2      | Reached XP level 4. HP: 38/38 MP: 3/3
  1677 | D:2      | Found a shadowy altar of Dithmenos.
  2393 | D:3      | Reached skill level 6 in Unarmed Combat
  2395 | D:3      | Reached XP level 5. HP: 45/45 MP: 4/4
  2411 | D:3      | Found a faded altar of an unknown god.
  2726 | D:3      | Found a runed translucent door.
  2727 | D:3      | Noticed Crazy Yiuf
  3803 | D:3      | Killed Crazy Yiuf
  3804 | D:3      | Reached skill level 7 in Unarmed Combat
  3804 | D:3      | Reached XP level 6. HP: 14/51 MP: 0/5
  4104 | D:4      | Noticed Edmund
  4169 | D:4      | Noticed a necrophage
  4461 | D:3      | Killed a necrophage
  4963 | D:4      | Reached skill level 8 in Unarmed Combat
  4967 | D:4      | HP: 1/51 [gnoll/+0 halberd (4)]
  4967 | D:4      | Mangled by a gnoll sergeant

Illustrated notes

Levels and vault maps discovered:
D:1:      dpeg_arrival_simpleton_c, layout_basic, minmay_small_reverse_x
D:2:      layout_loops_ring, basic_altar, minmay_misc_feat_pillars
D:3:      layout_basic, shapermc_ecumenical_altar_pompeii,
          uniq_crazy_yiuf_cottage
D:4:      layout_cave_pods, nicolae_overflow_crystal_walls, serial_shops,
          nicolae_shop_window_shopping, uniq_edmund

Skill      XL: |  1  2  3  4  5  6 |
---------------+-------------------+-----
Unarmed Combat | 4 5 6 7 8 |  8.0
Fighting       | |  3.2
Dodging        | |  2.6
Stealth        | |  2.1

Action                   |  1- 3 |  4- 6 || total
-------------------------+-------+-------++-------
Melee: Unarmed           |    85 |   191 ||   276
       Punch             |     3 |       ||     3
  Use: Scroll            |       |     6 ||     6
 Stab: Sleeping          |     5 |     1 ||     6
Armor: Robe              |     5 |       ||     5
       Leather armour    |    12 |    30 ||    42
       Scale mail        |       |    44 ||    44
Dodge: Dodged            |    37 |   105 ||   142
Block: Buckler           |       |    29 ||    29
